 Dungeon Crawl Stone Soup version bcrawl-1.12-5-g74a5124548 (webtiles) character file.

Game seed: 1258516174507946630

1465 Arkanax the Fighter (level 8, -3/79 HPs)
             Began as a Hill Orc Fighter on June 1, 2019.
             Slain by a yak (14 damage)
             ... on level 4 of the Dungeon.
             The game lasted 00:06:48 (5474 turns).

Arkanax the Fighter (Hill Orc Fighter)              Turns: 5474, Time: 00:06:49

Health: -3/79      AC:  8    Str: 19 (21) XL:     8   Next: 77%
Magic:  8/8        EV:  7    Int: 13      God:
Gold:   428        SH:  9    Dex:  9 (10) Spells: 7/7 levels left

rFire    . . .     SeeInvis .   a - +0 war axe
rCold    . . .     Gourm    .   c - +0 shield
rNeg     . . .     Faith    .   b - +0 scale mail
rPois    .         Spirit   .   g - +0 helmet
rElec    .         Reflect  .   (no cloak)
rCorr    .         Harm     .   (no gloves)
MR       .....                  (no boots)
Stlth    ..........             i - amulet of magic regeneration
HPRegen  0.23/turn              (no ring)
MPRegen  0.36/turn              (no ring)

@: brilliant
A: no striking features
a: no special abilities


You were on level 4 of the Dungeon.
You were hungry.

You visited 1 branch of the dungeon, and saw 5 of its levels.

You collected 428 gold pieces.

Inventory:

Hand Weapons
 a - a +0 war axe (weapon)
Armour
 b - a +0 scale mail (worn)
 c - a +0 shield (worn)
 g - a +0 helmet (worn)
Jewellery
 i - an amulet of magic regeneration (around neck)
 t - a +4 ring of intelligence {unknown}
 u - an uncursed ring of protection from fire {unknown}
Wands
 n - a wand of enslavement (13)
 s - a wand of polymorph (6)
Scrolls
 d - a scroll of fear {unknown}
 e - a scroll of magic mapping {unknown}
 j - 2 scrolls of remove curse
 k - 2 scrolls of fog {unknown}
 l - 3 scrolls of teleportation {unknown}
 m - a scroll of enchant armour {unknown}
 o - a scroll of blinking {unknown}
 p - 2 scrolls of identify {unknown}
 r - a scroll of immolation {unknown}
Potions
 h - 4 potions of degeneration
 q - a potion of ambrosia
 v - a potion of brilliance
Comestibles
 f - 7 rations {!d}


   Skills:
 + Level 9.8 Fighting
   Level 9.8 Short Blades
   Level 9.8 Long Blades
   Level 9.8 Axes
   Level 9.8 Maces & Flails
   Level 9.8 Polearms
   Level 9.8 Staves
 - Level 3.2 Armour
 - Level 3.2 Shields
   Level 9.8 Unarmed Combat


You had 7 spell levels left.
You didn't know any spells.
Your spell library contained the following spells:

 Spells                   Type           Power        Failure   Level  Hunger
 Animate Skeleton         Necr           N/A          36%         1    ##.....


Dungeon Overview and Level Annotations

Branches:
Dungeon (5/12)
 Temple: D:4-7

Altars:
Cheibriados
Dithmenos
Kikubaaqudgha
Lugonu
Makhleb
Okawaru
Ru
Sif Muna
Vehumet
Xom
Zin

Shops:
D:5 =


Message History

You hit the yak but do no damage.
The yak is severely wounded.
The yak gores you.
* * * LOW HITPOINT WARNING * * *
The yak completely misses you. You block the yak's attack.
There is a stone staircase leading up here.
You block the yak's attack.
You climb upwards.
There is a stone staircase leading down here.
You barely miss the yak.
The yak is severely wounded.
You block the yak's attack.
You hit the yak.
The yak is almost dead.
The yak closely misses you.
Your shield prevents you from hitting the yak.
The yak is almost dead.
The yak gores you!
You die...

##.................##
##........######...##
####........## #..#.##
..#........## ##..##.#
............## ##...####
...........).###....#
..##......>..##.....##
.###.............##..# ##
##...##......@###.## .##
#....#....##.Y##..#
..###.........####.#..#
#........#...## ##...#
##...##....<..## #..##
.....##........#######
###
####.##..........##.###
##.# #
#.#.####..#........###.##
##.## #...##...###...##


You could see a yak.

Vanquished Creatures
  2 yaks (D:5)
  Menkaure (D:4)
  Edmund (D:4)
  A sky beast (D:4)
  2 ogres
  Blork the orc (D:4)
  A scorpion (D:5)
  2 crimson imps (D:4)
  A jelly (D:4)
  An orc priest (D:4)
  An iguana (D:4)
  Ijyb (D:4)
  Natasha (thrice) (D:3)
  4 orc wizards (D:4)
  2 worker ants
  2 adders
  2 oozes (D:3)
  3 adder skeletons
  An adder zombie (D:5)
  5 worms
  5 dart slugs
  3 leopard geckos
  12 orcs
  A ball python (D:2)
  6 giant cockroaches
  3 goblins (D:2)
  13 hobgoblins
  7 jackals
  3 quokkas
  8 bats
  3 frilled lizards
  7 kobolds
  A quokka skeleton (D:4)
  4 rats
113 creatures vanquished.

Notes
Turn   | Place    | Note
-------+----------+-------------------------------------------
     0 | D:1      | Arkanax the Hill Orc Fighter began the quest for the Orb.
     0 | D:1      | Reached XP level 1. HP: 20/20 MP: 1/1
    38 | D:1      | Reached XP level 2. HP: 28/28 MP: 2/2
   474 | D:1      | Reached XP level 3. HP: 27/34 MP: 3/3
   953 | D:2      | Reached skill level 5 in Fighting
  1039 | D:2      | Reached XP level 4. HP: 42/42 MP: 4/4
  1055 | D:2      | Found a snail-covered altar of Cheibriados.
  1059 | D:2      | Found a burning altar of Makhleb.
  1195 | D:2      | Found an iron altar of Okawaru.
  1428 | D:2      | Found a sacrificial altar of Ru.
  1463 | D:2      | Found a radiant altar of Vehumet.
  1467 | D:2      | Found an ancient bone altar of Kikubaaqudgha.
  1468 | D:2      | Found a deep blue altar of Sif Muna.
  1473 | D:2      | Identified Kikubaaqudgha's Tome of Stolen Souls
  1913 | D:3      | Noticed Natasha
  1923 | D:3      | Killed Natasha
  1923 | D:3      | Reached XP level 5. HP: 35/50 MP: 5/5
  2089 | D:3      | Found a corrupted altar of Lugonu.
  2163 | D:3      | Noticed Natasha
  2175 | D:3      | Killed Natasha
  2175 | D:3      | Reached skill level 6 in Fighting
  2449 | D:3      | Found a glowing silver altar of Zin.
  2449 | D:3      | Noticed an angel
  2451 | D:3      | Found a shimmering altar of Xom.
  2780 | D:3      | Noticed Natasha
  2785 | D:3      | Killed Natasha
  2838 | D:4      | Noticed Ijyb
  2847 | D:4      | Killed Ijyb
  2847 | D:4      | Reached XP level 6. HP: 43/58 MP: 6/6
  2956 | D:4      | Found a shadowy altar of Dithmenos.
  3087 | D:4      | Noticed a sky beast
  3102 | D:4      | Killed a sky beast
  3102 | D:4      | Reached skill level 7 in Fighting
  3301 | D:4      | Noticed Menkaure
  3305 | D:4      | Noticed Blork the orc
  3311 | D:4      | Killed Menkaure
  3311 | D:4      | Reached XP level 7. HP: 15/66 MP: 7/7
  3321 | D:4      | Killed Blork the orc
  3962 | D:4      | Reached skill level 8 in Fighting
  3978 | D:4      | HP: 3/68 [orc wizard/magic dart (6)]
  4350 | D:4      | Noticed Edmund
  4366 | D:4      | Killed Edmund
  4366 | D:4      | Reached XP level 8. HP: 50/75 MP: 8/8
  4788 | D:5      | Entered Level 5 of the Dungeon
  4788 | D:5      | Found Qere's Jewellery Boutique.
  5060 | D:5      | Reached skill level 9 in Fighting
  5391 | D:5      | Noticed a yak
  5391 | D:5      | Noticed a yak
  5392 | D:5      | Noticed a yak
  5392 | D:5      | Noticed a yak
  5429 | D:5      | Killed a yak
  5436 | D:5      | Killed a yak
  5474 | D:4      | Slain by a yak

Skill      XL: |  1  2  3  4  5  6  7  8 |
---------------+-------------------------+-----
Fighting       | 5 6 7 8 9 |  9.8
Short Blades   | |  9.8
Long Blades    | |  9.8
Axes           | |  9.8
Maces & Flails | |  9.8
Polearms       | |  9.8
Staves         | |  9.8
Armour         | |  3.2
Shields        | |  3.2
Unarmed Combat | |  9.8

Action                   |  1- 3 |  4- 6 |  7- 9 || total
-------------------------+-------+-------+-------++-------
Melee: War axe           |   116 |   201 |   125 ||   442
       Unarmed           |       |     3 |       ||     3
  Use: Scroll            |     2 |       |       ||     2
       Potion            |       |       |     6 ||     6
  Eat: Chunk             |     1 |     7 |     3 ||    11
       Ration            |       |       |     1 ||     1
Armor: Scale mail        |    61 |    68 |    42 ||   171
Dodge: Dodged            |    42 |    64 |    27 ||   133
Block: Shield            |    56 |    69 |    59 ||   184
